Map: 10000 Feet LE

Players

Oldbee

  • Race: Terran Terran
  • League: Gold
  • Spawn Location: 11:00

Monortal - Winner!

  • Race: Protoss Protoss
  • League: Silver
  • Spawn Location: 5:00

VOD

Have the link to the VOD?

Description

bruh

Time

  • Played on: June 3, 2026, 3:24 p.m.
  • Length: 14:21
Show
View Real Time Build Order
Export as new Build Order

Oldbee Terran 

Build Orders:  

Get SALT Encoding   

  12  0:00  SCV  
  13  0:12  SCV  
  14  0:18  Supply Depot  
  14  0:25  SCV  
  15  0:32  Refinery  
  15  0:41  Barracks  
  15  0:52  SCV  
  16  1:08  Refinery  
  16  1:11  SCV  
  17  1:25  SCV  
  18  1:30  Reaper, Supply Depot  
  19  1:37  SCV  
  20  1:52  SCV  
  21  2:08  Command Center  
  21  2:14  Bunker  
  21  2:38  Factory, Barracks Tech Lab  
  21  2:40  SCV  
  22  2:53  Orbital Command  
  22  3:00  Marauder  
  24  3:33  Factory Tech Lab  
  24  3:35  Marauder  
  24  3:36  Concussive Shells  
  26  3:45  Barracks  
  26  3:57  Siege Tank  
  26  3:58  Engineering Bay  
  29  4:15  Marauder  
  31  4:28  Orbital Command  
  31  4:30  Stimpack  
  31  4:39  Cyclone  
  34  4:45  Barracks Reactor  
  34  4:52  Orbital Command  
  33  5:29  SCV x2  
  33  5:32  Widow Mine  
  37  5:42  Starport  
  37  5:54  Marauder  
  37  5:56  Siege Tank  
  42  6:07  Missile Turret  
  42  6:15  Marine x2  
  44  6:21  Terran Infantry Weapons Level 1, Supply Depot  
  44  6:23  Medivac  
  44  6:24  Missile Turret  
  46  6:27  Barracks  
  46  6:42  Marine x2, SCV x2  
  50  7:00  Marine  
  48  7:04  Bunker  
  48  7:07  SCV x2  
  50  7:09  Siege Tank  
  50  7:10  Missile Turret  
  50  7:11  Starport Tech Lab  
  50  7:14  Marine  
  54  7:20  Command Center, Combat Shield  
  54  7:24  Barracks Reactor  
  54  7:25  Missile Turret  
  54  7:30  Refinery  
  54  7:40  Supply Depot  
  54  7:43  Marine  
  54  8:08  Supply Depot  
  54  8:13  SCV  
  54  8:16  Supply Depot  
  53  8:30  Marauder  
  55  8:37  Marine  
  55  8:38  Marine  
  57  8:48  Orbital Command  
  57  8:51  Marauder  
  57  8:53  Missile Turret, Supply Depot  
  57  8:55  SCV x2, Marine x2  
  61  9:01  Marine x2  
  65  9:05  Supply Depot  
  65  9:07  SCV x2  
  67  9:13  Marine  
  68  9:29  Supply Depot  
  68  9:31  Terran Infantry Armor Level 1  
  68  9:35  Armory  
  68  9:37  Raven  
  70  9:41  Supply Depot  
  70  10:10  Missile Turret  
  70  10:19  Viking  
  72  10:23  Orbital Command  
  72  10:24  Starport  
  72  10:39  Terran Vehicle And Ship Armor Level 1  
  72  10:41  Thor  
  78  10:49  Missile Turret x2  
  78  11:09  Missile Turret  
  78  11:11  Marine  
  78  11:12  Marine x2  
  78  11:14  Starport Reactor  
  81  11:20  SCV x2  
  83  11:29  Marine  
  83  11:32  Terran Infantry Weapons Level 2, Missile Turret  
  84  11:47  Refinery  
  84  11:52  Thor  
  90  11:54  Viking x3  
  90  11:59  Orbital Command, Sensor Tower  
  96  12:04  Missile Turret  
  96  12:13  Starport  
  96  12:15  Smart Servos  
  96  12:17  Marine x3  
  99  12:32  Thor  
  99  12:35  Marine  
  100  12:38  Viking  
  100  12:39  Viking x2  
  104  13:08  Viking  
  104  13:09  Viking  
  104  13:10  Viking  
  67  13:38  Missile Turret  
  47  14:01  Marine x2  
Show
View Real Time Build Order
Export as new Build Order

Monortal Protoss - Winner!

Build Orders: Carriers 

Get SALT Encoding   

  12  0:00  Probe  
  13  0:21  Probe  
  14  0:29  Pylon  
  14  0:48  Probe  
  15  1:04  Probe  
  16  1:11  Forge  
  16  1:14  Probe  
  17  1:22  Nexus  
  17  1:24  Probe  
  18  1:42  Pylon  
  18  1:43  Probe  
  19  1:56  Probe  
  20  2:02  Photon Cannon  
  20  2:04  Photon Cannon  
  20  2:08  Probe  
  21  2:11  Pylon  
  21  2:15  Pylon  
  20  2:28  Probe  
  21  2:43  Probe x2  
  23  2:55  Photon Cannon, Probe x2  
  23  2:57  Photon Cannon x2  
  25  3:03  Photon Cannon  
  25  3:10  Photon Cannon  
  25  3:23  Photon Cannon  
  24  3:32  Photon Cannon, Probe x2  
  26  3:40  Gateway  
  26  3:44  Probe  
  26  3:45  Probe, Photon Cannon  
  28  3:53  Photon Cannon  
  28  3:58  Photon Cannon  
  28  4:01  Probe  
  28  4:05  Probe  
  30  4:10  Pylon  
  30  4:16  Photon Cannon  
  30  4:19  Pylon  
  30  4:24  Photon Cannon  
  30  4:34  Zealot  
  30  4:37  Pylon  
  32  4:49  Cybernetics Core  
  32  4:58  Probe  
  32  4:59  Probe, Zealot  
  34  5:01  Pylon  
  36  5:11  Probe x2  
  38  5:21  Photon Cannon  
  38  5:22  Pylon  
  38  5:27  Photon Cannon  
  38  5:28  Photon Cannon  
  38  5:34  Zealot  
  40  5:35  Probe  
  40  5:36  Probe  
  42  5:48  Nexus  
  42  5:59  Assimilator  
  42  6:01  Zealot, Assimilator  
  44  6:06  Assimilator  
  44  6:08  Assimilator  
  44  6:13  Pylon  
  44  6:18  Pylon  
  44  6:19  Photon Cannon  
  44  6:21  Photon Cannon  
  44  6:28  Cybernetics Core  
  44  6:38  Probe x2  
  46  6:45  Pylon  
  46  6:50  Probe x2  
  44  6:55  Warp Gate  
  40  7:07  Protoss Shields Level 1  
  40  7:15  Pylon  
  40  7:19  Pylon  
  40  7:21  Assimilator  
  40  7:23  Stargate  
  40  7:25  Assimilator  
  40  7:26  Photon Cannon  
  40  7:27  Photon Cannon  
  40  7:32  Photon Cannon  
  40  7:33  Probe x3, Photon Cannon  
  43  7:39  Stargate  
  43  7:43  Stargate  
  43  7:55  Probe  
  43  7:59  Probe x2  
  46  8:07  Pylon  
  46  8:09  Photon Cannon  
  46  8:11  Probe  
  47  8:16  Photon Cannon  
  48  8:20  Probe x2  
  48  8:23  Fleet Beacon  
  48  8:25  Probe  
  50  8:32  Probe  
  50  8:33  Nexus  
  51  8:40  Protoss Air Weapons Level 1  
  51  8:42  Probe  
  51  8:43  Probe x2  
  51  8:47  Carrier x2  
  54  8:50  Probe  
  54  8:51  Probe x2  
  57  9:02  Carrier  
  75  9:29  Assimilator  
  75  9:34  Assimilator  
  75  9:37  Carrier  
  75  9:39  Carrier  
  75  9:43  Twilight Council  
  75  9:44  Probe x2  
  75  9:45  Probe x2  
  79  9:56  Probe  
  79  9:57  Probe x2  
  94  10:05  Carrier  
  100  10:14  Probe  
  100  10:15  Probe x3  
  112  10:37  Mothership  
  112  10:39  Probe x2, Carrier  
  112  10:40  Probe  
  112  10:41  Carrier  
  127  11:07  Pylon  
  127  11:08  Pylon  
  127  11:10  Pylon  
  127  11:13  Pylon  
  127  11:16  Pylon  
  127  11:18  Carrier, Pylon x2  
  127  11:21  Pylon  
  127  11:22  Pylon  
  127  11:26  Pylon  
  127  11:32  Carrier  
  133  11:33  Carrier  
  145  11:54  Probe  
  145  11:55  Probe  
  145  11:56  Probe  
  148  12:12  Carrier  
  148  12:20  Probe x2  
  148  12:21  Probe x2  
  158  12:29  Carrier  
  158  12:32  Carrier  
  157  13:16  Carrier  
Tags
 
Composition
Carriers
Matchup
PvT
Spawn Locations
Cross Positions
Add a new tag
Caveats
  • Supply blocks, unpowered buildings, or Contaminate may cause inaccurate times.
  • Supply counts are checked every 10 seconds.